 Dungeon Crawl Stone Soup version 0.14-a0-1974-gdb6e453 (webtiles) character file.

146 Kae the Firebug (level 4, -1/24 HPs)
             Began as a Tengu Fire Elementalist on Jan 18, 2014.
             Slain by an orc
             ... wielding a +0,+2 orcish dagger of flaming
              (2 damage)
             ... on Level 3 of the Dungeon.
             The game lasted 00:02:39 (1838 turns).

Kae the Firebug (Tengu Fire Elementalist)           Turns: 1838, Time: 00:02:40

HP  -1/24        AC  3     Str  9      XL: 4   Next: 15%
MP   0/9         EV 12     Int 16      God:
Gold 80          SH  0     Dex 14      Spells:  3 memorised,  1 level left

rFire  . . .     SeeInvis .     (no weapon)
rCold  . . .     Clarity  .     a - +0 robe
rNeg   . . .     Conserve .     (no shield)
rPois  .         rCorr    .     (helmet restricted)
rElec  .         rRot     .     (no cloak)
SustAb . .       Spirit   .     r - +0 pair of gloves
rMut   .         Warding  .     (boots unavailable)
Saprov . . .     Stasis   .     (no amulet)
MR     .....                    (no ring)
                                (no ring)

@: not resistant to hostile enchantments, fairly stealthy
A: beak, talons 3
a: no special abilities


You were on level 3 of the Dungeon.
You were near starving.

You visited 1 branch of the dungeon, and saw 3 of its levels.

You collected 80 gold pieces.

Inventory:

Missiles
 j - 4 tomahawks (quivered)
Armour
 a - a +0 robe (worn)
 r - a +0 pair of gloves (worn)
Comestibles
 c - 2 bread rations
 k - an apple
Scrolls
 e - 2 scrolls of remove curse {unknown}
 g - 2 scrolls of enchant weapon I {unknown}
 i - 2 scrolls of magic mapping {unknown}
 m - a scroll of fog {unknown}
 o - a scroll of curse armour {unknown}
 p - a scroll of enchant weapon II {unknown}
 q - a scroll of fear {unknown}
 s - a scroll of identify {unknown}
Potions
 d - a potion of flight {unknown}
 f - a potion of restore abilities {unknown}
 h - 3 potions of curing {unknown}
 l - a potion of poison {unknown}
 n - a potion of heal wounds {unknown}
Books
 b - a book of Flames

   Spells                             Type                      Level
   *Flame Tongue                      Conjuration/Fire             1
   *Throw Flame                       Conjuration/Fire             2
   *Conjure Flame                     Conjuration/Fire             3
   Inner Flame                        Hexes/Fire                   3
   Sticky Flame                       Conjuration/Fire             4
   Fireball                           Conjuration/Fire             5


   Skills:
 - Level 2.1 Dodging
 - Level 2.0 Stealth
 + Level 2.3 Spellcasting
 * Level 2.4 Conjurations
 * Level 4.7 Fire Magic


You had one spell level left.
You knew the following spells:

 Your Spells              Type           Power        Failure   Level  Hunger
a - Flame Tongue          Conj/Fire      ##...        6%          1    #......
b - Throw Flame           Conj/Fire      ##....       10%         2    ##.....
c - Conjure Flame         Conj/Fire      ##......     14%         3    ####...


Dungeon Overview and Level Annotations

Branches:
Dungeon (3/16)

Altars:
Makhleb

Annotations:
D:3 Terence


Innate Abilities, Weirdness & Mutations

You have a beak for a mouth.
You have claws for feet.


Message History

You don't have enough magic to cast that spell.
You hit the orc but do no damage. You claw the orc, but do no damage.
The orc is severely wounded.
The orc hits you with an orcish dagger of flaming.
The orc burns you.
You closely miss the orc.
The orc is severely wounded.
The orc hits you with an orcish dagger of flaming.
The orc burns you.
* * * LOW HITPOINT WARNING * * *
You are too injured to fight recklessly!
You are too injured to fight recklessly!
You are too injured to fight recklessly!
You are too injured to fight recklessly!
You closely miss the orc.
The orc is severely wounded.
The orc hits you with an orcish dagger of flaming.
* * * LOW HITPOINT WARNING * * *
The orc burns you.
You die...

.###.###.#
#.........###.#
..............#
#####.#.#.###.#
#......<#
#.......###.###
#.......%.......
#.?....>###.###
#.....@o#
#............#
#.......#.#..#
#....(....# #
###.##+#.## #.
.# # .# .# .


You could see an orc.

Vanquished Creatures
  Jessica (D:3)
  An adder (D:3)
  2 giant geckos
  6 bats
  A giant cockroach (D:3)
  9 hobgoblins
  6 kobolds
  2 ball pythons
  4 giant newts
  3 goblins (D:1)
  4 rats
39 creatures vanquished.

Notes
Turn   | Place    | Note
--------------------------------------------------------------
     0 | D:1      | Kae, the Tengu Fire Elementalist, began the quest for the Orb.
     0 | D:1      | Reached XP level 1. HP: 10/10 MP: 3/3
   219 | D:1      | Reached XP level 2. HP: 12/15 MP: 1/5
   225 | D:1      | Learned a level 2 spell: Throw Flame
   389 | D:1      | Reached skill level 4 in Fire Magic
   846 | D:1      | Reached XP level 3. HP: 13/19 MP: 5/7
  1298 | D:2      | Found a burning altar of Makhleb.
  1375 | D:2      | Learned a level 3 spell: Conjure Flame
  1746 | D:3      | Noticed Terence
  1777 | D:3      | Noticed Jessica
  1827 | D:3      | Killed Jessica
  1827 | D:3      | Reached XP level 4. HP: 24/24 MP: 5/9
  1838 | D:3      | HP: 1/24 [orc/orcish dagger of flaming (6)]
  1838 | D:3      | Slain by an orc

Action                   |  1- 3 |  4- 6 || total
-------------------------+-------+-------++-------
Melee: Unarmed           |    46 |     3 ||    49
 Cast: Flame Tongue      |    47 |     7 ||    54
 Stab: Distracted        |     1 |       ||     1
       Sleeping          |     1 |       ||     1
